 Dungeon Crawl Stone Soup version 0.28.0 (webtiles) character file.

Game seed: 11565608864683508085

89 GrayStillPlays the Skirmisher (level 4, -2/41 HPs)
             Began as a Hill Orc Fighter on Feb 11, 2022.
             Killed by nerve-wracking pain
             ... invoked by Grinder
              (10 damage)
             ... on level 3 of the Dungeon.
             The game lasted 00:04:40 (2764 turns).

GrayStillPlays the Skirmisher (Hill Orc Fighter)    Turns: 2764, Time: 00:04:41

Health: -2/41      AC:  7    Str: 24    XL:     4   Next: 55%
Magic:  4/4        EV:  9    Int: 10    God:
Gold:   128        SH:  4    Dex: 10    Spells: 3/3 levels left

rFire   . . .      SeeInvis .   a - +0 war axe {axe}
rCold   . . .      Faith    .   c - +0 buckler
rNeg    . . .      Spirit   .   b - +0 scale mail
rPois   .          Reflect  .   (no helmet)
rElec   .          Harm     .   (no cloak)
rCorr   .          Rampage  .   (no gloves)
Will    .....                   (no boots)
Stlth   ..........              (no amulet)
HPRegen 0.13/turn               k - +6 ring of strength
MPRegen 0.09/turn               (no ring)

@: mighty
A: no striking features
a: no special abilities


You were on level 3 of the Dungeon.
You visited 1 branch of the dungeon, and saw 3 of its levels.

You collected 128 gold pieces.


   Skills:
 + Level 4.4 Fighting
 + Level 3.8 Axes
 + Level 4.0 Armour
 + Level 4.0 Shields


You had 3 spell levels left.
You didn't know any spells.
Your spell library contained the following spells:

 Spells                   Type           Power      Damage    Failure   Level
 Animate Skeleton         Necr           0%         N/A       75%         1
 Apportation              Tloc           0%         N/A       75%         1
 Summon Small Mammal      Summ           0%         N/A       75%         1

Inventory:

Hand Weapons
 a - a +0 war axe (weapon) {axe}
 p - a +0 dagger of holy wrath {short}
   (You took it off an orc on level 3 of the Dungeon)
Missiles
 e - 119 stones (quivered) {throwing}
 m - 49 arrows
Armour
 b - a +0 scale mail (worn)
 c - a +0 buckler (worn)
 i - an orb of mayhem
   (You found it on level 1 of the Dungeon)
 o - the +0 leather armour of Amorality {-Tele rF+ Str+4}
   (You found it on level 3 of the Dungeon)

   Str:       It affects your strength (+4).
   rF:        It protects you from fire.
   -Tele:     It prevents most forms of teleportation.
Jewellery
 k - a +6 ring of strength (left hand)
   (You found it on level 2 of the Dungeon)
Scrolls
 h - 2 scrolls of identify {@r1}
 l - a scroll of amnesia
 n - a scroll of fog
 q - a scroll of enchant weapon {unknown}
Potions
 d - a potion of might
 f - a potion of brilliance

Dungeon Overview and Level Annotations

Branches:
Dungeon (3/15)

Altars:

Shops:
D:2 (

Annotations:
D:2 1 runed translucent door, Crazy Yiuf
D:3 Grinder

#.#####........##(##..#
#.......#####..##(##..#
#####.....# #....(....#
# #.....# #.........# #
#.....# #.........# #
#.....# ##....##.## ##
#.....# #.5####.# .##
####### #..####.# #.##
#..@....# ##.####
##.###### #.###.### #.#
.##..#..# #.#
.##.###.#######.# ...##
##........#
###.###..########
#..#...# #.#.#.##


You could see Grinder.


Message History

a +0 club {mace}; a kobold corpse A kobold comes into view.
It is wielding a +0 short sword.
The kobold shouts!
The kobold throws a stone.
You block the stone.
You hit the kobold.
You kill the kobold!
No target in view!
No target in view!
e - 119 stones {throwing} (gained 21)
You now have 128 gold pieces (gained 14).
You see here a +0 short sword {short}.
A quokka comes into view.
A quokka is nearby!
Found a stone staircase leading down.
The quokka barely misses you.
You closely miss the quokka. You block the quokka's attack.
You closely miss the quokka. You block the quokka's attack. x2
You hit the quokka.
You kill the quokka!
No target in view!
A goblin comes into view. It is wielding a +0 club.
The goblin shouts!
A goblin is nearby!
A bat comes into view.
The goblin hits you but does no damage.
You closely miss the goblin. The bat closely misses you.
You block the goblin's attack. The goblin barely misses you.
You barely miss the goblin. You hit the bat.
You kill the bat!
The goblin hits you but does no damage.
You hit the goblin.
You kill the goblin!
No target in view!
No target in view!
Things that are here:
a +0 club {mace}; a goblin corpse
q - a scroll labelled TENAGA ERAUDGH Grinder comes into view.
Grinder shouts!
You hear a shout!
Grinder blinks!
Grinder moves out of view.
Throw: 2 darts (poison) {throwing}
Press: ? - help, Q - select action, (/) - cycle Shift-Dir - straight line, f - Grinder
Aim: Grinder (53% to hit)
You throw a poisoned dart {throwing}.
The poisoned dart {throwing} hits Grinder.
Throw: dart (poison) {throwing}
Press: ? - help, Q - select action, (/) - cycle Shift-Dir - straight line, f/p - Grinder
Aim: Grinder (53% to hit)
You throw a poisoned dart {throwing}.
The poisoned dart {throwing} hits Grinder.
Grinder is poisoned.
Grinder gestures at you. You resist with significant effort.
Throw: 2 javelins {throwing}
Press: ? - help, Q - select action, (/) - cycle Shift-Dir - straight line, f/p - Grinder
Aim: Grinder (poisoned, 53% to hit)
You throw a javelin {throwing}.
The javelin {throwing} pierces through Grinder!
Throw: javelin {throwing}
Press: ? - help, Q - select action, (/) - cycle Shift-Dir - straight line, f/p - Grinder
Aim: Grinder (moderately wounded, poisoned, 53% to hit)
You throw a javelin {throwing}.
The javelin {throwing} pierces through Grinder but does no damage.
Grinder looks more healthy.
Grinder says, "Tell me all your secrets, or I'll kill you."
You completely miss Grinder. Grinder hits you! 😕 HP[-9]
You take 9 damage, and now have 32/41 hp.
MASSIVE DAMAGE!! (PAUSE)
You barely miss Grinder. Grinder barely misses you.
You closely miss Grinder. Grinder hits you but does no damage.
Grinder gestures at you. Pain shoots through your body! 😮 HP[-2]
You take 2 damage, and now have 30/41 hp.
You barely miss Grinder. Grinder hits you.
You writhe in agony. 😮 HP[-8]
You take 8 damage, and now have 22/41 hp.
You barely miss Grinder. Grinder hits you.
You writhe in agony.
* * * LOW HITPOINT WARNING * * *
Grinder barely misses you. 😨 HP[-2]
You take 2 damage, and now have 20/41 hp.
You closely miss Grinder. You block Grinder's attack.
You hit Grinder. Grinder gestures at you. You resist with significant effort.
You slash Grinder! Grinder hits you!
* * * LOW HITPOINT WARNING * * *
You writhe in agony.
* * * LOW HITPOINT WARNING * * *
Grinder blinks! 😱 HP[-13]
You take 13 damage, and now have 7/41 hp.
MASSIVE DAMAGE!! (PAUSE) 😱 HP[+1]
You feel very mighty all of a sudden. Grinder gestures at you.
Pain shoots through your body!
You die...

Skill      XL: |  1  2  3  4 |
---------------+-------------+-----
Axes           | 3 |  3.8
Fighting       | 4 |  4.4
Armour         | 4 |  4.0
Shields        | 4 |  4.0

Action                   |  1- 3 |  4- 6 || total
-------------------------+-------+-------++-------
Melee: War axe           |   159 |    49 ||   208
Throw: Dart              |       |     2 ||     2
       Javelin           |       |     2 ||     2
  Use: Scroll            |     3 |       ||     3
       Potion            |       |     1 ||     1
Armor: Scale mail        |    84 |    15 ||    99
Dodge: Dodged            |    75 |    15 ||    90
Block: Buckler           |    27 |    15 ||    42

Levels and vault maps discovered:
D:1:      onia_arrival_mini_maze, layout_basic,
          hellmonk_ecumenical_altar_dog_temple
D:2:      layout_loops_ring, serial_shops, nicolae_lakefront_shop,
          uniq_crazy_yiuf_cottage
D:3:      layout_loops_cross, guppyfry_early_orc_mine, uniq_grinder

Notes
Turn   | Place    | Note
-------+----------+-------------------------------------------
     0 | D:1      | GrayStillPlays the Hill Orc Fighter began the quest for the
                  | Orb.
     0 | D:1      | Reached XP level 1. HP: 19/19 MP: 1/1
     0 | D:1      | magus.rc [v1.9.6]
   193 | D:1      | Reached XP level 2. HP: 27/27 MP: 2/2
   199 | D:1      | Reached skill level 3 in Axes
   591 | D:1      | Reached skill level 4 in Fighting
   621 | D:1      | Found a faded altar of an unknown god.
   851 | D:2      | Reached XP level 3. HP: 33/33 MP: 3/3
  1101 | D:2      | HP: 8/33 [adder (2)]
  1518 | D:2      | Found a runed translucent door.
  1519 | D:2      | Noticed Crazy Yiuf
  1615 | D:2      | You pick up a book of Cantrips and begin reading...
  1615 | D:2      | You add the spells Animate Skeleton, Summon Small Mammal
                  | and Apportation to your library.
  1796 | D:2      | Found Roucourch's Weapon Shoppe.
  2101 | D:3      | Identified the +0 leather armour of Amorality {-Tele rF+
                  | Str+4}
  2127 | D:3      | Reached XP level 4. HP: 18/40 MP: 4/4
  2129 | D:3      | HP: 10/40 [poisoned by an adder]
  2527 | D:3      | Reached skill level 4 in Armour
  2527 | D:3      | Reached skill level 4 in Shields
  2736 | D:3      | Noticed Grinder
  2758 | D:3      | HP: 7/41 [Grinder (4)]
  2764 | D:3      | Killed from afar by Grinder

Vanquished Creatures
  3 adders
  3 orcs (D:3)
  5 ball pythons
  4 endoplasms
  A giant cockroach (D:1)
  8 goblins
  8 hobgoblins
  4 jackals (D:1)
  3 quokkas
  2 bats
  2 frilled lizards
  6 kobolds
  7 rats
56 creatures vanquished.

Table legend:
 A = Non-vault XP
 B = Vault XP
 C = Vault XP percentage of total XP
 D = Non-vault monster count
 E = Vault monster count
 F = Vault count percentage of total count
                 A         B        C        D         E       F
            +---------+---------+-------+---------+---------+-------
      Total |     105 |      23 |  18.0 |      45 |      11 |  19.6
            +---------+---------+-------+---------+---------+-------
        D:1 |      24 |       8 |  25.0 |      15 |       4 |  21.1
        D:2 |      40 |       0 |   0.0 |      20 |       0 |   0.0
        D:3 |      41 |      15 |  26.8 |      10 |       7 |  41.2
            +---------+---------+-------+---------+---------+-------

Illustrated notes

Table legend:
 A = Kills in this place as a percentage of kills in entire the game.
 B = Kills by you in this place as a percentage of kills by you in the entire game.
 C = Kills by friends in this place as a percentage of kills by friends in the entire game.
 D = Other kills in this place as a percentage of other kills in the entire game.
 E = Experience gained in this place as a percentage of experience gained in the entire game.
 F = Experience gained in this place divided by the number of levels of this place that you have seen.
                   A       B       C       D       E      F
               +-------+-------+-------+-------+-------+----------------------
         Total | 100.0 | 100.0 |   N/A |   N/A | 100.0 |  42.7
       Dungeon | 100.0 | 100.0 |   N/A |   N/A | 100.0 |  42.7
               +-------+-------+-------+-------+-------+----------------------

Table legend: (Time is in decaauts)
 A = Elapsed time spent in this place.
 B = Non-inter-level travel time spent in this place.
 C = Inter-level travel time spent in this place.
 D = Time resting spent in this place.
 E = Time spent auto-exploring this place.
 F = Levels seen in this place.
 G = Mean time per level.
                   A        B        C        D        E       F      G
               +--------+--------+--------+--------+--------+-----+--------+
         Total |   2840 |   2709 |    131 |    567 |   1668 |   3 |  946.7 |
       Dungeon |   2840 |   2709 |    131 |    567 |   1668 |   3 |  946.7 |
               +--------+--------+--------+--------+--------+-----+--------+

Top non-repeatable levels by time:
     D:2: 1275 daAuts
     D:1: 865 daAuts
     D:3: 699 daAuts
